 Dungeon Crawl Stone Soup version 0.23.2-33-g5129a83184 (webtiles) character file.

Game seed: 2002375140873420607

64 funkygono the Vandal (level 3, -6/30 HPs)
             Began as a Minotaur Hunter on July 21, 2019.
             Splashed by a jelly's acid (8 damage)
             ... on level 2 of the Dungeon.
             The game lasted 00:04:11 (1506 turns).

funkygono the Vandal (Minotaur Hunter)              Turns: 1506, Time: 00:04:13

Health: -6/30      AC: -3    Str: 16    XL:     3   Next: 91%
Magic:  2/2        EV: 12    Int:  8    God:
Gold:   110        SH:  0    Dex: 15    Spells: 2/2 levels left

rFire    . . .     SeeInvis .   a - +0 club
rCold    . . .     Gourm    .   (no shield)
rNeg     . . .     Faith    .   c - +1 leather armour
rPois    .         Spirit   .   (helmet restricted)
rElec    .         Reflect  .   (no cloak)
rCorr    .         Harm     .   (no gloves)
MR       .....                  (no boots)
Stlth    ++........             (no amulet)
HPRegen  0.10/turn              m - +4 ring of dexterity
MPRegen  0.08/turn              (no ring)

@: corroded
A: retaliatory headbutt, horns 2
a: no special abilities


You were on level 2 of the Dungeon.
You were hungry.

You visited 1 branch of the dungeon, and saw 2 of its levels.

You collected 110 gold pieces.

Inventory:

Hand Weapons
 a - a +0 club (weapon)
 b - a +1 hunting sling
 l - a +0 short sword
Missiles
 d - 13 sling bullets
 e - 28 stones (quivered)
Armour
 c - a +1 leather armour (worn)
Jewellery
 m - a +4 ring of dexterity (left hand)
 n - an uncursed amulet of the acrobat {unknown}
Scrolls
 g - a scroll of remove curse {unknown}
 i - a scroll of magic mapping
 j - a scroll of enchant weapon {unknown}
 k - a scroll of fog {unknown}
Potions
 h - 2 potions of haste
Comestibles
 f - 6 rations


   Skills:
 + Level 2.8 Fighting
 + Level 0.6 Short Blades
 + Level 5.6 Slings
 + Level 0.9 Armour
 + Level 2.2 Dodging
 + Level 1.1 Stealth


You had 2 spell levels left.
You didn't know any spells.
Your spell library was empty.

Dungeon Overview and Level Annotations

Branches:
Dungeon (2/15)

Altars:


Innate Abilities, Weirdness & Mutations

You reflexively headbutt those who attack you in melee.
You have a pair of horns on your head.


Message History

The jelly hits the fungus.
The fungus is splashed with acid.
The acid corrodes the fungus!
Found five items.
There is an open door here.
The ooze quivers.
The ooze jiggles.
You see here a +0 dagger.
You hit the jelly.
Your hands burn!
The jelly is moderately wounded.
The jelly hits you.
You are splashed with acid!
You hit the jelly. The acid corrodes you!
Your hands burn!
* * * LOW HITPOINT WARNING * * *
The jelly is heavily wounded.
The jelly closely misses you.
You hit the jelly but do no damage.
Your hands burn!
* * * LOW HITPOINT WARNING * * *
The jelly is heavily wounded.
The jelly hits you.
* * * LOW HITPOINT WARNING * * *
The acid corrodes you!
You are splashed with acid!
You die...

...#......##
##########
...#.......#
%....÷J..#
...#.......#
..JPJP.J.#
...........#
.P..J.÷P.#
...........#
....÷...J#
..........##
÷P.......# ....#+#...#
÷PJP.J..(#
......###### #######J#
......##...###..@JJJ##
......##...##.########
......##...###..'....#
......###'## ####....#
..........# #.......#
..........# #).)..).#
..........## #...†...#
...........# #....[..#
...........# ##.....##


You could see 3 jellies and an ooze.

Vanquished Creatures
  3 oozes (D:2)
  A dart slug (D:1)
  A leopard gecko (D:1)
  2 ball pythons (D:1)
  4 bats (D:1)
  A giant cockroach (D:1)
  7 goblins (D:1)
  2 hobgoblins (D:1)
  7 jackals (D:1)
  5 frilled lizards
  11 kobolds
  2 rats (D:1)
46 creatures vanquished.

Vanquished Creatures (others)
  9 toadstools (D:2)
9 creatures vanquished.

Grand Total: 55 creatures vanquished

Notes
Turn   | Place    | Note
-------+----------+-------------------------------------------
     0 | D:1      | funkygono the Minotaur Hunter began the quest for the Orb.
     0 | D:1      | Reached XP level 1. HP: 18/18 MP: 0/0
   130 | D:1      | Reached XP level 2. HP: 25/25 MP: 1/1
   148 | D:1      | Reached skill level 5 in Slings
   705 | D:1      | Reached XP level 3. HP: 27/30 MP: 2/2
  1335 | D:2      | Found a faded altar of an unknown god.
  1490 | D:2      | Reached skill level 1 in Stealth
  1506 | D:2      | Splashed by a jelly's acid

Skill      XL: |  1  2  3 |
---------------+----------+-----
Slings         | 5 |  5.6
Stealth        | 1 |  1.1
Fighting       | |  2.8
Short Blades   | |  0.6
Armour         | |  0.9
Dodging        | |  2.2

Action                   || total
-------------------------++-------
Melee: Short sword       ||    26
       Headbutt          ||     8
       Club              ||    20
 Fire: Hunting sling     ||    72
  Use: Scroll            ||     3
  Eat: Chunk             ||     1
Armor: Leather armour    ||    12
Dodge: Dodged            ||    44
